 Dungeon Crawl Stone Soup version 0.30-a0-474-g5673dd7ce6 (webtiles) character file.

Game seed: 2514483952035897376

30 Ijustatesigmund the Trooper (level 3, 0/24 HPs)
             Began as a Kobold Fighter on Dec 20, 2022.
             Slain by a gnoll
             ... wielding a +0 spear
              (8 damage)
             ... on level 2 of the Dungeon.
             The game lasted 00:01:15 (760 turns).

Ijustatesigmund the Trooper (Kobold Fighter)         Turns: 760, Time: 00:01:15

Health: 0/24       AC:  7    Str: 13    XL:     3   Next: 37%
Magic:  3/3        EV: 10    Int: 11    God:
Gold:   81         SH:  5    Dex: 14    Spells: 2/2 levels left

rFire   . . .      SeeInvis .    a - +0 rapier
rCold   . . .      Faith    .    c - +0 buckler
rNeg    . . .      Spirit   .    b - +0 scale mail
rPois   .          Reflect  .    (no helmet)
rElec   .          Harm     .    (no cloak)
rCorr   .          Rampage  .    (no gloves)
Will    .....                    n - +0 pair of boots
Stlth   ++........               (no amulet)
HPRegen 0.24/turn                (no ring)
MPRegen 0.08/turn                (no ring)

@: no status effects
A: small, no large weapons, nightstalker 3
a: no special abilities


You were on level 2 of the Dungeon.
You visited 1 branch of the dungeon, and saw 2 of its levels.

You collected 81 gold pieces.

Inventory:

Hand Weapons
 a - a +0 rapier (weapon)
Armour
 b - a +0 scale mail (worn)
 c - a +0 buckler (worn)
 n - a +0 pair of boots (worn)
Jewellery
 m - a ring of wizardry
Scrolls
 f - a scroll of teleportation {unknown}
 g - a scroll of fear {unknown}
 h - a scroll of amnesia {unknown}
 k - a scroll of enchant weapon {unknown}
 l - a scroll of identify {unknown}
Potions
 d - 2 potions of curing {unknown}
 e - a potion of haste {unknown}
 i - a potion of mutation {unknown}
 j - a potion of brilliance {unknown}


   Skills:
 + Level 3.8 Fighting
 + Level 3.5 Short Blades
 - Level 2.4 Armour
 + Level 2.1 Stealth
 - Level 2.4 Shields


You had 2 spell levels left.
You didn't know any spells.
Your spell library was empty.

Dungeon Overview and Level Annotations

Branches:
Dungeon (2/15)

Altars:
Vehumet


Innate Abilities, Weirdness & Mutations

You are small and have problems with some larger weapons.
You are completely attuned to the shadows.


Message History

You block the dart slug's attack.
You hit the dart slug.
The dart slug is almost dead.
The dart slug bites you but does no damage.
A dart slug is nearby!
You hit the dart slug but do no damage.
The dart slug is severely wounded.
You block the dart slug's attack.
You hit the dart slug.
You kill the dart slug!
No target in view!
No target in view!
No target in view!
Found a dagger.
Found a pair of boots.
Found 13 gold pieces.
You see here a +0 pair of boots.
You start putting on your armour.
You continue putting on your +0 pair of boots. x4
You finish putting on your +0 pair of boots.
You now have 81 gold pieces (gained 13).
Found a stone staircase leading up.
A gnoll comes into view. It is wielding a +0 spear.
A gnoll comes into view. It is wielding a +0 spear.
The gnoll shouts!
The gnoll hits you from afar with a +0 spear.
A gnoll comes into view. It is wielding a +0 spear.
The gnoll hits you with a +0 spear. The gnoll closely misses you.
You barely miss the gnoll.
The gnoll shouts!
The gnoll hits you from afar with a +0 spear.
You block the gnoll's attack. The gnoll barely misses you.
The gnoll hits you from afar with a +0 spear.
The gnoll hits you with a +0 spear! The gnoll hits you but does no damage.
You are too injured to fight recklessly!
The gnoll attacks as you move away! The gnoll closely misses you.
The gnoll hits you but does no damage. You block the gnoll's attack.
The gnoll hits you from afar with a +0 spear!
You die...

##..)......#.#......
#.........#.###....
#.........#....###.
#.........####.# #.
#............#.# #.
#..........#.#.####
###..........#.......
#..............#.####
#...@..........#.#
#.g...... .##.#.#
#.gg..... #...#
#........ #........
#......


You could see 3 gnolls.

Vanquished Creatures
  A dart slug (D:2)
  2 bats (D:1)
  3 endoplasms (D:1)
  3 giant cockroaches
  5 goblins (D:1)
  A hobgoblin (D:1)
  2 kobolds (D:1)
  A quokka (D:1)
  3 ball pythons (D:1)
  A frilled lizard (D:2)
  3 rats (D:1)
25 creatures vanquished.

Notes
Turn   | Place    | Note
-------+----------+-------------------------------------------
     0 | D:1      | Ijustatesigmund the Kobold Fighter began the quest for the
                  | Orb.
     0 | D:1      | Reached XP level 1. HP: 14/14 MP: 1/1
    94 | D:1      | Reached skill level 1 in Stealth
    95 | D:1      | Reached XP level 2. HP: 8/19 MP: 2/2
   275 | D:1      | Reached XP level 3. HP: 24/24 MP: 3/3
   696 | D:2      | Found a radiant altar of Vehumet.
   760 | D:2      | Slain by a gnoll

Illustrated notes

Levels and vault maps discovered:
D:1:      heliophobic_arrival_henge, layout_basic, minmay_pentomino_x4
D:2:      layout_basic, basic_altar, serial_shops,
          nicolae_shop_advertising_works [nicolae_subvault_shop_adworks],
          uniq_robin

Skill      XL: |  1  2  3 |
---------------+----------+-----
Stealth        | 1 2 |  2.1
Short Blades   | 3 |  3.5
Fighting       | |  3.8
Armour         | |  2.4
Shields        | |  2.4

Action                   || total
-------------------------++-------
Melee: Rapier            ||    53
  Use: Potion            ||     1
 Stab: Sleeping          ||     4
Armor: Scale mail        ||    22
Dodge: Dodged            ||    37
Block: Buckler           ||    23

Table legend: (Time is in decaauts)
 A = Elapsed time spent in this place.
 B = Non-inter-level travel time spent in this place.
 C = Inter-level travel time spent in this place.
 D = Time resting spent in this place.
 E = Time spent auto-exploring this place.
 F = Levels seen in this place.
 G = Mean time per level.
                   A        B        C        D        E       F      G
               +--------+--------+--------+--------+--------+-----+--------+
         Total |    765 |    743 |     22 |      0 |    599 |   2 |  382.5 |
       Dungeon |    765 |    743 |     22 |      0 |    599 |   2 |  382.5 |
               +--------+--------+--------+--------+--------+-----+--------+

Top non-repeatable levels by time:
     D:1: 567 daAuts
     D:2: 198 daAuts
